 Dungeon Crawl Stone Soup version 0.29-a0-334-gb41bcbb86e (webtiles) character file.

Game seed: 12698077541991575390

57 Hubjo the Firebug (level 3, -4/20 HPs)
             Began as a Deep Elf Fire Elementalist on Apr 13, 2022.
             Was a Believer of Jiyva.
             Slain by Crazy Yiuf
             ... wielding a +2 quarterstaff of chaos
              (8 damage)
             ... on level 2 of the Dungeon.
             The game lasted 00:02:36 (1623 turns).

Hubjo the Firebug (Deep Elf Fire Elementalist)      Turns: 1623, Time: 00:02:37

Health: -4/20      AC:  2    Str:  5    XL:     3   Next: 73%
Magic:  8/9        EV: 12    Int: 21    God:    Jiyva [**....]
Gold:   61         SH:  0    Dex: 15    Spells: 7/8 levels left

rFire   . . .      SeeInvis .   j - +1 whip (venom)
rCold   . . .      Faith    .   (no shield)
rNeg    . . .      Spirit   .   a - +0 robe
rPois   .          Reflect  .   (no helmet)
rElec   .          Harm     .   (no cloak)
rCorr   +          Rampage  .   (no gloves)
Will    .....                   (no boots)
Stlth   ++........              (no amulet)
HPRegen 1.02/turn               (no ring)
MPRegen 0.41/turn               (no ring)

@: weak-willed
A: no striking features
a: Renounce Religion


You were on level 2 of the Dungeon.
You worshipped Jiyva.
Jiyva was pleased with you.
You visited 1 branch of the dungeon, and saw 2 of its levels.

You collected 61 gold pieces.

Inventory:

Hand Weapons
 e - a +0 dagger
 j - a +1 whip of venom (weapon)
Armour
 a - a +0 robe (worn)
Scrolls
 c - a scroll of noise {unknown}
 d - a scroll of magic mapping {unknown}
 g - 3 scrolls of identify {unknown}
Potions
 b - a potion of magic
 f - a potion of degeneration {unknown}
 i - a potion of might {unknown}


   Skills:
 * Level 1.4 Fighting
 - Level 2.4 Dodging
 * Level 3.5 Stealth
 + Level 3.3 Spellcasting
 + Level 1.7 Conjurations
 + Level 3.5 Fire Magic


You had 7 spell levels left.
You knew the following spells:

 Your Spells              Type           Power      Damage    Failure   Level
a - Foxfire               Conj/Fire      56%        2x1d6     4%          1

Your spell library contained the following spells:

 Spells                   Type           Power      Damage    Failure   Level
 Scorch                   Fire           36%        2d6       4%          2
 Conjure Flame            Conj/Fire      14%        6-21      13%         3
 Inner Flame              Hex/Fire       11%        N/A       19%         3
 Flame Wave               Conj/Fire      14%        2d6       38%         4


Dungeon Overview and Level Annotations

Branches:
Dungeon (2/15)

Altars:
Jiyva

Shops:
D:1 ?

Annotations:
D:2 Crazy Yiuf


Message History

Crazy Yiuf is moderately wounded.
Crazy Yiuf closely misses you. Crazy Yiuf barely misses you.
You swap places.
The jelly hits Crazy Yiuf but does no damage.
Crazy Yiuf hits the jelly with a +2 quarterstaff of chaos!
The jelly seems to grow stronger.
Crazy Yiuf is burned by acid!
As you read the scroll labelled VOXUOT YSUTEBE, it crumbles to dust.
Magic quickly surges around you.
It was a scroll of vulnerability.
The jelly hits Crazy Yiuf but does no damage.
Crazy Yiuf hits the jelly with a +2 quarterstaff of chaos!
Crazy Yiuf is burned by acid!
The jelly hits Crazy Yiuf.
Crazy Yiuf is splashed with acid.
The acid corrodes Crazy Yiuf!
Crazy Yiuf hits the jelly with a +2 quarterstaff of chaos!!
Crazy Yiuf freezes the jelly.
The jelly dies!
Casting: Foxfire (safe; 4% risk of failure)
Confirm with . or Enter, or press ? or * to list all spells.
You conjure some foxfire!
Unknown command.
Your foxfire dissipates!
Magic restored.
Crazy Yiuf is nearby!
Casting: Foxfire (safe; 4% risk of failure)
Confirm with . or Enter, or press ? or * to list all spells.
You conjure some foxfire!
The foxfire hits Crazy Yiuf.
Crazy Yiuf is severely wounded.
The foxfire hits Crazy Yiuf.
Crazy Yiuf is almost dead.
Casting: Foxfire (safe; 4% risk of failure)
Confirm with . or Enter, or press ? or * to list all spells.
You conjure some foxfire!
Crazy Yiuf hits you with a +2 quarterstaff of chaos!
Crazy Yiuf freezes you.
* * * LOW HITPOINT WARNING * * *
Crazy Yiuf attacks as you move away!
Crazy Yiuf hits you with a +2 quarterstaff of chaos!
You die...

#............#....#....
#...######.###...##....
#...# #.##...###....
##.## ##....#.# #....
#.# ####.....#.# #....
#.###......###.# #....
#.##......## #.###....
###....#######..######
#..@v# #..##..###<.
♣..gv♣ #..###.##...
♣...♣♣ #..........#
♣♣.♣♣ #........... ♣.♣♣
#..###.<..## ♣♣§♣ #..#
##.### ♣g♣♣ #### ###
♣♣.♣ #'#


You could see Crazy Yiuf (weak-willed, corroded, ally target).

Vanquished Creatures
  Terence (D:2)
  A dart slug (D:2)
  A ball python (D:1)
  2 bats (D:1)
  An endoplasm (D:1)
  A giant cockroach (D:1)
  4 hobgoblins
  4 kobolds
  A quokka (D:1)
  3 frilled lizards
  5 goblins
  4 rats
28 creatures vanquished.

Vanquished Creatures (others)
  A jelly (D:2)
  A ball python (D:2)
  2 bats (D:2)
  A giant cockroach (D:2)
  A goblin (D:2)
  A hobgoblin (D:2)
  A frilled lizard (D:2)
  2 kobolds (D:2)
  11 foxfires
21 creatures vanquished.

Grand Total: 49 creatures vanquished

Notes
Turn   | Place    | Note
-------+----------+-------------------------------------------
     0 | D:1      | Hubjo the Deep Elf Fire Elementalist began the quest for
                  | the Orb.
     0 | D:1      | Reached XP level 1. HP: 10/10 MP: 6/6
   490 | D:1      | Reached XP level 2. HP: 15/16 MP: 8/8
   537 | D:1      | Found a faded altar of an unknown god.
   563 | D:1      | Prayed at the altar of an unknown god.
   563 | D:1      | Became a worshipper of Jiyva Jistux the Shapeless
   563 | D:1      | Reached * piety under Jiyva
   985 | D:1      | Found Ryoptoat's Magic Scroll Shop.
  1119 | D:2      | Reached ** piety under Jiyva
  1122 | D:2      | Reached skill level 1 in Fighting
  1182 | D:2      | Noticed Terence
  1193 | D:2      | Killed Terence
  1194 | D:2      | Reached XP level 3. HP: 14/20 MP: 7/9
  1453 | D:2      | Found a runed translucent door.
  1454 | D:2      | Noticed Crazy Yiuf
  1623 | D:2      | Slain by Crazy Yiuf

Illustrated notes

Levels and vault maps discovered:
D:1:      onia_arrival_pentagram, layout_loops_ring, serial_shops, shop,
          basic_ecumenical_altar, chequers_serial_rivers_room_b
D:2:      layout_rooms, uniq_terence, uniq_crazy_yiuf_cottage

Skill      XL: |  1  2 |
---------------+-------+-----
Stealth        | 3 |  3.5
Fighting       | 1 |  1.4
Dodging        | |  2.4
Spellcasting   | |  3.3
Conjurations   | |  1.7
Fire Magic     | |  3.5

Action                   || total
-------------------------++-------
Melee: Dagger            ||    40
       Unarmed           ||     5
       Whip              ||    35
 Cast: Foxfire           ||    10
  Use: Scroll            ||     1
 Stab: Sleeping          ||     6
Armor: Robe              ||    15
Dodge: Dodged            ||    48

Table legend: (Time is in decaauts)
 A = Elapsed time spent in this place.
 B = Non-inter-level travel time spent in this place.
 C = Inter-level travel time spent in this place.
 D = Time resting spent in this place.
 E = Time spent auto-exploring this place.
 F = Levels seen in this place.
 G = Mean time per level.
                   A        B        C        D        E       F      G
               +--------+--------+--------+--------+--------+-----+--------+
         Total |   1625 |   1596 |     29 |      0 |   1251 |   2 |  812.5 |
       Dungeon |   1625 |   1596 |     29 |      0 |   1251 |   2 |  812.5 |
               +--------+--------+--------+--------+--------+-----+--------+

Top non-repeatable levels by time:
     D:1: 1058 daAuts
     D:2: 566 daAuts
